[Event "Late-Titled-Tuesday-Blitz-April-16-2024"]
[Site "Chess.com"]
[Date "2024.04.16"]
[Round "8"]
[White "Abund"]
[Black "Nf3c5"]
[Result "1-0"]
[WhiteElo "2798"]
[BlackElo "2649"]
[TimeControl "180+1"]
[EndTime "15:25:24 PDT"]
[Termination "Abund won by resignation"]

1. e4 e5 2. Nf3 Nc6 3. Bb5 Nge7 4. O-O Ng6 5. d4 exd4 6. Nxd4 Bc5 7. Nf5 O-O 8. Be3 Bb6 9. Nc3 d6 10. Nd5 Bxf5 11.
exf5 Nge7 12. Bxb6 axb6 13. f6 Nxd5 14. fxg7 Kxg7 15.
Qxd5 Ne7 16. Qg5+ Ng6 17. Qg3 Ra5 18. a4 c6 19. b4 Ra8 20. Bd3 d5 21. Qe3 Re8 22.
Qd4+ Qf6 23. Qxb6 Re7 24. a5 Nf4 25. Rae1 Rae8 26. Re3 d4 27. Rg3+ Kh8 28. h3 Rg8 29. Kh2 Rg5 30. Rxg5 Qxg5 31. Qxd4+ Kg8 32. Qd8+ Kg7 33.
Qd4+ f6 34. g3 Nd5 35. h4 Qe5 36. Qxe5 Rxe5 37. Rb1 Nc3 38. Rb3 Nd5 39. Kg2 f5 40. b5 cxb5 41. Rxb5 Kf6 42. Rxb7 f4 43. Rb5 fxg3 44.
Kxg3 Ke6 45. Bc4 Kd6 46. Rxd5+ Rxd5 47. Bxd5 Kxd5 48. f4 1-0

[Event "Late-Titled-Tuesday-Blitz-April-16-2024"]
[Site "Chess.com"]
[Date "2024.04.16"]
[Round "8"]
[White "Slovineanu"]
[Black "Chempiblinka"]
[Result "0-1"]
[WhiteElo "2476"]
[BlackElo "2381"]
[TimeControl "180+1"]
[EndTime "15:25:28 PDT"]
[Termination "Chempiblinka won on time"]

1. d4 d5 2. Nf3 Nf6 3. c4 e6 4. e3 c6 5. Nbd2 Bd6 6. Bd3 O-O 7. O-O Nbd7 8. e4 dxe4 9. Nxe4 Nxe4 10. Bxe4 Nf6 11.
Bc2 b6 12. Bg5 Be7 13. Qd3 g6 14. Rad1 Bb7 15. Ne5 c5 16. dxc5 Qxd3 17. Bxd3 bxc5 18. Bxf6 Bxf6 19. Nd7 Bd4 20. Nxf8 Kxf8 21. Rfe1 e5 22. Be4 Bxe4 23. Rxe4 Bxb2 24. Rb1 Bd4 25. Rb7 a5 26. a4 Kg8 27. Kf1 h5 28. Re1 Re8 29. f3 Re6 30. Reb1 e4 31. Re1 e3 32. Ke2 h4 33. Reb1 Rf6 34. R1b5 Rf5 35. Re7 Rg5 36.
Kf1 Rf5 37. h3 Rf6 38. Ke2 Rf5 39. Rxa5 Rf6 40. Rb5 Kg7 41. a5 Ra6 42. Kd3 Kf6 43.
Reb7 Kg7 44. R7b6 Ra8 45. a6 Re8 46. Ke2 Re5 47. a7 Rg5 48. a8=Q Rxg2+ 49. Kd3 Rd2+ 50.
Ke4 e2 51. Rb1 Rd1 52. Rxd1 exd1=Q 53. Qd5 Qe2+ 54. Kf4 Qe3+ 55. Kg4 f5+ 56. Kxh4 Qf2+ 0-1

[Event "Late-Titled-Tuesday-Blitz-April-16-2024"]
[Site "Chess.com"]
[Date "2024.04.16"]
[Round "8"]
[White "DinaBelenkaya"]
[Black "Charodej1"]
[Result "0-1"]
[WhiteElo "2409"]
[BlackElo "2322"]
[TimeControl "180+1"]
[EndTime "15:25:29 PDT"]
[Termination "Charodej1 won on time"]

1. e4 c6 2. d4 d5 3. Nc3 dxe4 4.
Nxe4 Nd7 5. Bd3 Ngf6 6. Nxf6+ Nxf6 7. Nf3 Bg4 8. c3 e6 9. h3 Bh5 10. O-O Be7 11. Bf4 O-O 12. Qe2 Qd5 13. Qe3 Bxf3 14.
Qxf3 Qxf3 15. gxf3 Nd5 16. Bd2 Rad8 17. f4 Bd6 18. f5 exf5 19. Bxf5 g6 20. Be4 Bf4 21. Rad1 Bxd2 22. Rxd2 Nf4 23. h4 Rfe8 24. Bf3 f6 25. b4 Re7 26. c4 g5 27. hxg5 fxg5 28. a4 h5 29. b5 g4 30. Bd1 Red7 31. d5 cxd5 32.
cxd5 Nxd5 33. Bb3 Kg7 34. Rfd1 Nf6 35. Rxd7+ Rxd7 36. Rc1 b6 37. Be6 Re7 38. Bf5 Kh6 39. Kg2 Kg5 40. Bd3 h4 41. Rc8 Rd7 42. Bc4 Rd2 43.
Kg1 Rd1+ 44. Kg2 Rd2 45. Kg1 h3 46. Rc7 Rd7 47. Rc8 Rg7 48. Rd8 Rd7 49. Rf8 Rd4 0-1

[Event "Late-Titled-Tuesday-Blitz-April-16-2024"]
[Site "Chess.com"]
[Date "2024.04.16"]
[Round "8"]
[White "Mikhal867"]
[Black "Korchmar_Vasiliy"]
[Result "0-1"]
[WhiteElo "2552"]
[BlackElo "2713"]
[TimeControl "180+1"]
[EndTime "15:25:30 PDT"]
[Termination "Korchmar_Vasiliy won on time"]

1. c4 Nf6 2. Nc3 c5 3. g3 Nc6 4. Bg2 g6 5. Nf3 Bg7 6. d4 cxd4 7. Nxd4 O-O 8. O-O d6 9. Nxc6 bxc6 10. Bxc6 Rb8 11. Qd3 Bf5 12. e4 Bh3 13. Re1 Ng4 14.
Ba4 Qa5 15. Bd1 Ne5 16. Qd5 Qb4 17. a3 Qxc4 18. Qxc4 Nxc4 19. Nd5 e6 20. Nf4 Nxb2 21. Bxb2 Rxb2 22. Nxh3 Rc8 23. Nf4 Bd4 24. Ne2 Bb6 25. a4 Ba5 26. Rf1 Rc4 27. f3 Kg7 28. Ra3 f5 29.
exf5 gxf5 30. Rb3 Rd2 31. Rb7+ Kf6 32. Nf4 Bb6+ 33. Kh1 Rc1 34. Be2 Rcc2 35. Rd1 Rxd1+ 36. Bxd1 Rc1 37. Rxh7 Rxd1+ 38. Kg2 Rd4 39. Rh6+ Kf7 40. Nxe6 Rxa4 41. Ng5+ Ke7 42. Re6+ Kd7 43. Rf6 a5 44. h4 Ra2+ 45. Kh3 a4 46. h5 Ra1 47. g4 fxg4+ 48.
fxg4 a3 49. Ne4 a2 50. Rxd6+ Kc7 51. Rd2 Rh1+ 52. Kg2 Rg1+ 53. Kf3 a1=Q 54. Rc2+ Kb8 55. Nd6 Qf1+ 0-1

[Event "Late-Titled-Tuesday-Blitz-April-16-2024"]
[Site "Chess.com"]
[Date "2024.04.16"]
[Round "8"]
[White "Sanan_Sjugirov"]
[Black "GothamChess"]
[Result "1-0"]
[WhiteElo "3008"]
[BlackElo "2692"]
[TimeControl "180+1"]
[EndTime "15:25:31 PDT"]
[Termination "Sanan_Sjugirov won on time"]

1. d4 d5 2. c4 dxc4 3. Nf3 Nf6 4. e3 e6 5. Bxc4 c5 6. O-O cxd4 7. exd4 Be7 8. Qe2 O-O 9. Rd1 a6 10. a4 Nc6 11. Nc3 Nb4 12. a5 Bd7 13. Ne5 Rc8 14.
Bf4 Nfd5 15. Nxd5 exd5 16. Bb3 Bf5 17. Rdc1 Rxc1+ 18. Bxc1 Bd6 19. Bd2 Re8 20. Qf3 Be6 21. h3 Qc7 22. Bc3 Nc6 23. Nxc6 Qxc6 24. Ba4 Qc8 25.
Bxe8 Qxe8 26. Re1 Qb5 27. h4 h6 28. h5 Qb3 29. Qd3 Qa4 30. g3 Qd7 31. Qd2 Bf5 32. Bb4 Bxb4 33. Qxb4 Be4 34. Qd2 Qh3 35. Rxe4 dxe4 36.
d5 Qd7 37. d6 f5 38. Qd5+ Kf8 39. Qe5 Kg8 40. b4 Kf7 41. Kg2 Qe6 42. Qd4 f4 43.
gxf4 Qg4+ 44. Kf1 Qh3+ 45. Ke2 Qg4+ 46. Ke1 Qg1+ 47. Kd2 Qb1 48. d7 Qa2+ 49. Ke1 Qb1+ 50. Ke2 Qc2+ 51. Kf1 1-0

[Event "Late-Titled-Tuesday-Blitz-April-16-2024"]
[Site "Chess.com"]
[Date "2024.04.16"]
[Round "8"]
[White "divudis17"]
[Black "CaspiIsrael"]
[Result "0-1"]
[WhiteElo "2571"]
[BlackElo "2722"]
[TimeControl "180+1"]
[EndTime "15:25:32 PDT"]
[Termination "CaspiIsrael won by resignation"]

1. e4 d5 2. exd5 Qxd5 3. Nc3 Qd6 4. d4 Nf6 5. Nf3 a6 6. Bc4 b5 7. Bb3 e6 8. O-O c5 9. dxc5 Qxd1 10. Rxd1 Bxc5 11. h3 Bb7 12. Ne5 Nbd7 13. Nxd7 Nxd7 14. a4 b4 15. Ne2 a5 16. Bf4 Ke7 17. Nd4 Rhd8 18. Be3 Rac8 19. Rd2 Nf6 20. Rad1 Bd5 21. Bxd5 Nxd5 22. Nf5+ Kf6 23. Bxc5 Rxc5 24. Nd4 Rdc8 25. g3 h5 26. h4 g6 27. Nb3 Rxc2 28. Nxa5 Rxd2 29. Rxd2 Ra8 30. Nc4 Rxa4 31. Nd6 Ra6 32. Ne4+ Ke7 33. Kf1 Rc6 34. Ke2 Rc4 35. Ng5 f6 36. Nf3 Rc1 37. Nd4 Kd6 38. Nb3 Rb1 39. Kd3 g5 40. hxg5 fxg5 41. Kc4 h4 42. gxh4 gxh4 43.
Nd4 h3 44. Nf3 Rf1 45. Kb3 Ke7 46. Nh2 Rh1 47. Ng4 Rg1 48. Nh2 Rg2 49. Nf3 Kf6 50.
Rd1 Rxf2 51. Nd4 h2 52. Rh1 Ke5 53. Nc2 Kf4 54. Ne1 Kg3 55. Nd3 Rf3 56. Kc4 Rxd3 57. Kxd3 Kg2 58. Re1 h1=Q 59. Rxh1 Kxh1 60. Kd4 Kg2 61.
Ke5 Nc7 62. Kd4 Kf3 63. Kc4 Nd5 64. Kd4 Kf4 0-1

[Event "Late-Titled-Tuesday-Blitz-April-16-2024"]
[Site "Chess.com"]
[Date "2024.04.16"]
[Round "8"]
[White "AlainBruxelles"]
[Black "noblerone"]
[Result "1-0"]
[WhiteElo "2381"]
[BlackElo "2477"]
[TimeControl "180+1"]
[EndTime "15:25:32 PDT"]
[Termination "AlainBruxelles won by resignation"]

1. e4 c5 2. Nf3 e6 3. c3 Nf6 4.
e5 Nd5 5. d4 cxd4 6. c4 Ne7 7.
Nxd4 Nbc6 8. Nb5 Ng6 9. f4 a6 10. Nd6+ Bxd6 11. Qxd6 f6 12. Bd3 Qe7 13. Nc3 Qxd6 14.
exd6 Nb4 15. Bb1 b6 16. a3 Nc6 17. O-O O-O 18. Be3 Rb8 19. Be4 Na5 20. Bd3 Nb3 21. Rad1 Bb7 22. Bc2 Nc5 23. b4 Bxg2 24. Kxg2 Nb7 25. c5 bxc5 26. bxc5 Na5 27. Ba4 Rfd8 28. Rfe1 Nh4+ 29. Kf2 Nf5 30. Re2 Nxe3 31. Kxe3 Nc4+ 32.
Kf2 Nxa3 33. c6 dxc6 34. Bxc6 Kf7 35. d7 Nc4 36. Ra2 a5 37. Ra4 Nb2 38. Rxa5 Nxd1+ 39. Nxd1 Rb1 40. Ne3 Rb2+ 41. Kg3 Rb3 42. Kf3 Ke7 43. Ra7 Rc3 44. Ba4 Ra3 45. Ke4 g6 46. Nc4 Rc3 47. Na5 Kd6 48. Nb7+ Kc7 49. Nxd8+ Kb6 50. Ra8 Ra3 51. Nxe6 Rxa4+ 52. Rxa4 f5+ 53. Ke5 1-0

[Event "Late-Titled-Tuesday-Blitz-April-16-2024"]
[Site "Chess.com"]
[Date "2024.04.16"]
[Round "8"]
[White "1g60-1"]
[Black "jaskol95"]
[Result "0-1"]
[WhiteElo "2439"]
[BlackElo "2546"]
[TimeControl "180+1"]
[EndTime "15:25:33 PDT"]
[Termination "jaskol95 won by resignation"]

1. e4 c5 2. Nf3 e6 3. d4 cxd4 4. Nxd4 Nc6 5. Nc3 Qc7 6. Ndb5 Qb8 7. g3 a6 8. Nd4 Qc7 9. Bg2 Nf6 10. O-O Nxd4 11.
Qxd4 Bc5 12. Qd3 O-O 13. Bf4 d6 14. Bg5 Nd7 15. Kh1 Ne5 16. Qe2 b5 17. a3 Bb7 18.
Rfd1 Nc4 19. Rab1 Ba7 20. Bf4 Rfd8 21. Na2 Qc5 22. Rf1 Rac8 23. Nb4 a5 24. Nd3 Qb6 25. Ra1 a4 26. b3 axb3 27. cxb3 Na5 28. Be3 Qa6 29. Bxa7 Qxa7 30. Qb2 Nc6 31. e5 Nd4 32. Rac1 Bxg2+ 33. Kxg2 Qb7+ 34. f3 dxe5 35. Nxe5 Nf5 36. Rxc8 Rxc8 37. Rc1 f6 38. Nd3 Rd8 39. Qe2 Qd5 40. Nb4 Qd2 41. Re1 Kf7 42. Kg1 Qxe2 43.
Rxe2 Rd1+ 44. Kf2 Rb1 45. g4 Nd4 46. Re3 e5 47. Nd5 Ke6 48. Nc7+ Kd6 49. Ne8+ Ke7 50. Nxg7 Rb2+ 51. Kg3 Ne2+ 52. Kh4 Nf4 53. Nf5+ Ke6 54. h3 Rh2 55. g5 Rxh3+ 56. Kg4 Rh2 57. Nd4+ Kf7 58.
Nxb5 Kg6 59. gxf6 Rg2+ 60. Kh4 Kxf6 61. Nd6 Ra2 62. Ne4+ Kf5 63. Ng3+ Ke6 64. Nh5 Ng2+ 65. Kg3 Nxe3 0-1

[Event "Late-Titled-Tuesday-Blitz-April-16-2024"]
[Site "Chess.com"]
[Date "2024.04.16"]
[Round "8"]
[White "CURRUTACO59"]
[Black "MarceloPlaya"]
[Result "1-0"]
[WhiteElo "2175"]
[BlackElo "2312"]
[TimeControl "180+1"]
[EndTime "15:25:37 PDT"]
[Termination "CURRUTACO59 won on time"]

1. Nf3 e6 2. d4 Nf6 3. c4 Bb4+ 4.
Bd2 Bxd2+ 5. Qxd2 O-O 6. Nc3 d5 7. e3 Qe7 8. Rc1 Rd8 9. Qc2 Nc6 10. Be2 Bd7 11. O-O Rac8 12. Rfd1 Be8 13. a3 dxc4 14. Bxc4 e5 15. d5 Nb8 16. e4 Nbd7 17. b4 Nf8 18. Qb3 Ng6 19. g3 h5 20.
h4 Bd7 21. Ng5 Be8 22. a4 Nh7 23. Nxh7 Kxh7 24. a5 Bd7 25. Be2 Nxh4 26. gxh4 Qxh4 27. Rd3 g6 28. Rg3 f5 29. Bf1 f4 30. Rg2 Bh3 31.
Rh2 Qg4+ 32. Kh1 Qf3+ 33. Bg2 Bxg2+ 34. Rxg2 Rf8 35. Qd1 Qh3+ 36. Rh2 Qd7 37. Rxh5+ Kg7 38. Rh2 Rh8 39. Qf3 Rxh2+ 40. Kxh2 Rh8+ 41. Kg2 Rh4 42. Rh1 Rxh1 43. Kxh1 c6 44. Kg2 Qe7 45. dxc6 bxc6 46.
Qd3 Qxb4 47. a6 Qa3 48. Qd7+ Kh6 49. Qxc6 Qb3 50. Nd5 f3+ 51. Kg3 Qb1 52. Kxf3 1-0

[Event "Late-Titled-Tuesday-Blitz-April-16-2024"]
[Site "Chess.com"]
[Date "2024.04.16"]
[Round "8"]
[White "h4parah5"]
[Black "Guriempire"]
[Result "0-1"]
[WhiteElo "3027"]
[BlackElo "2851"]
[TimeControl "180+1"]
[EndTime "15:25:38 PDT"]
[Termination "Guriempire won by resignation"]

1. e4 e5 2. Nf3 Nc6 3. Nc3 Nf6 4. g3 Bc5 5. Bg2 a6 6. d3 d6 7. h3 O-O 8. Bg5 h6 9. Bh4 Be6 10. g4 Nd4 11. g5 Nh7 12. Qd2 Nxf3+ 13. Bxf3 Nxg5 14. Bxg5 Qxg5 15. Qxg5 hxg5 16. Bg4 Rae8 17.
Rg1 f6 18. Bxe6+ Rxe6 19. Ke2 Bd4 20. Rg4 Kf7 21. h4 gxh4 22. Rxh4 c6 23. Rg1 Bxc3 24. bxc3 b5 25. Rh7 Rg8 26. a4 Re7 27. axb5 cxb5 28. Ra1 Ra7 29. Kd2 Rc8 30. Rg1 Kg8 31. Rgh1 Rac7 32.
Rh8+ Kf7 33. Rxc8 Rxc8 34. Ra1 Ra8 35. d4 Ke6 36. Kd3 d5 37. dxe5 Kxe5 38. exd5 Kxd5 39.
Ra5 Kc5 40. f4 Kb6 41. Ra1 Rd8+ 42. Ke3 a5 43. Ke4 a4 44. c4 Rc8 45. cxb5 Kxb5 46.
Kd3 Rd8+ 47. Kc3 Rh8 48. Rg1 Rc8+ 49. Kd3 Rc7 50. Rb1+ Kc5 51. Rb8 Ra7 52. Rc8+ Kd5 53. Kc3 a3 54. Rd8+ Ke4 55. Rd4+ Kf3 56. Rd1 a2 57. Ra1 Kxf4 58. Kb4 g5 59. c4 g4 60. Kb5 g3 61. Kb6 Ra3 62. c5 g2 63. c6 g1=Q+ 64. Rxg1 a1=Q 0-1

[Event "Late-Titled-Tuesday-Blitz-April-16-2024"]
[Site "Chess.com"]
[Date "2024.04.16"]
[Round "8"]
[White "PawnEatingZombie"]
[Black "ExchangeAB"]
[Result "0-1"]
[WhiteElo "2254"]
[BlackElo "2391"]
[TimeControl "180+1"]
[EndTime "15:25:38 PDT"]
[Termination "ExchangeAB won on time"]

1. e4 g6 2. d4 c5 3. d5 Bg7 4.
Nc3 d6 5. Bb5+ Bd7 6. a4 Nf6 7. Nf3 O-O 8. O-O a6 9. Be2 Ng4 10. h3 Ne5 11. Nd2 f5 12. f4 Nf7 13. exf5 Bd4+ 14.
Kh1 Bxf5 15. Nc4 Bd7 16. Bd3 Nh6 17. g4 Qc8 18. f5 Nxf5 19. gxf5 Bxf5 20. Nb6 Be4+ 21.
Kh2 Be5+ 22. Kg1 Bd4+ 23. Kh2 Be5+ 24. Kg1 Rxf1+ 25. Bxf1 Qd8 26. Nxa8 Bd4+ 27. Qxd4 cxd4 28. Nxe4 Nd7 29. Ng5 Qxa8 30. Ne6 Nf6 31. Bg2 Qc8 32. Bg5 Kf7 33. Rf1 Qc4 34. Bxf6 exf6 35. Rf2 f5 36. Ng5+ Kg7 37. Ne6+ Kf6 38. Nf4 Qxa4 39. h4 Qa1+ 40. Kh2 Qxb2 41. Re2 d3 42. cxd3 Qd4 43. Re6+ Kf7 44.
Kg3 a5 45. Rxd6 a4 46. Rd7+ Ke8 47. Rxb7 a3 48. Rb8+ Kd7 49. Ra8 Qb4 50. Ra7+ Kd6 51.
Ra6+ Kc5 52. Rc6+ Kd4 53. Rc4+ Qxc4 54. dxc4 a2 55. Ne2+ Ke3 0-1

[Event "Late-Titled-Tuesday-Blitz-April-16-2024"]
[Site "Chess.com"]
[Date "2024.04.16"]
[Round "8"]
[White "BenchGM"]
[Black "CMButgood"]
[Result "1-0"]
[WhiteElo "2310"]
[BlackElo "2050"]
[TimeControl "180+1"]
[EndTime "15:25:39 PDT"]
[Termination "BenchGM won on time"]

1. e4 c5 2. Nf3 d6 3. d4 cxd4 4.
Nxd4 Nf6 5. Nc3 g6 6. Be3 Bg7 7. f3 O-O 8. Qd2 Nc6 9. O-O-O d5 10. exd5 Nxd5 11. Nxc6 bxc6 12. Ne4 Rb8 13. Bd4 Bxd4 14. Qxd4 Qb6 15. Bc4 Ne3 16. Qxb6 axb6 17. Bb3 Nxd1 18. Rxd1 Bf5 19. Nf2 Rfd8 20. Re1 Kf8 21. g4 Bd7 22. Ne4 h6 23. h3 c5 24. Ng3 Bc6 25. f4 Bd5 26. c4 Bg2 27. h4 Bf3 28. g5 h5 29. f5 Rd4 30. fxg6 fxg6 31. Rf1 Rf4 32. Bd1 Rd8 33. Bxf3 Rd3 34. Be2 Rxf1+ 35. Nxf1 Rh3 36. Nd2 Rxh4 37. Nf3 Re4 38. Kd2 e5 39. Bd3 Rg4 40. Ke3 Kg7 41. Nxe5 Rxg5 42. Nxg6 Rg3+ 43. Ke2 Rxd3 44.
Kxd3 Kxg6 45. Ke3 Kf5 46. a4 h4 47. b4 cxb4 48. c5 1-0

[Event "Late-Titled-Tuesday-Blitz-April-16-2024"]
[Site "Chess.com"]
[Date "2024.04.16"]
[Round "8"]
[White "Denisenko_Denis"]
[Black "XiaoKangZhong"]
[Result "1-0"]
[WhiteElo "2434"]
[BlackElo "2519"]
[TimeControl "180+1"]
[EndTime "15:25:40 PDT"]
[Termination "Denisenko_Denis won on time"]

1. d4 Nf6 2. Bf4 g6 3. e3 Bg7 4.
Be2 O-O 5. h3 b6 6. Nf3 Bb7 7. O-O d6 8. c4 Nbd7 9. Nc3 Re8 10. Bh2 e5 11. dxe5 dxe5 12. Qc2 a6 13. Rfd1 Qe7 14. Nd5 Qc5 15. b4 Qc6 16. Rac1 a5 17.
a3 axb4 18. axb4 h5 19. Qb3 Ne4 20. Nd2 Nxd2 21. Rxd2 Nf6 22. Bf3 e4 23. Be2 Nxd5 24. Rxd5 Qe6 25. Rd2 Re7 26. Rcd1 Kh7 27. Qc2 Ra3 28.
c5 Rc3 29. Qb1 bxc5 30. bxc5 Bc6 31. Qb4 Qf5 32. Qb8 Qxc5 33. Bxc7 Qg5 34. Bf4 Qf5 35.
Qd8 Rb7 36. Rd6 Qc5 37. R6d2 Rc1 38. Kh2 Rxd1 39. Rxd1 Rb2 40. Rd2 Qc3 41. Rxb2 Qxb2 42. Qd1 Ba4 43. Qe1 Bc3 44. Qf1 Qd2 45. Kg1 Bd7 46.
Bc4 Kg7 47. Bg3 Bf5 48. Qb1 g5 49. Qb3 Bg6 50. Qb5 h4 51. Be5+ Bxe5 52. Qxe5+ Kh7 53. Qf6 Qe1+ 54. Kh2 Kh6 55. Bxf7 1-0

[Event "Late-Titled-Tuesday-Blitz-April-16-2024"]
[Site "Chess.com"]
[Date "2024.04.16"]
[Round "8"]
[White "cedchass2006"]
[Black "Zavgorodniy_Sergiy"]
[Result "0-1"]
[WhiteElo "2413"]
[BlackElo "2618"]
[TimeControl "180+1"]
[EndTime "15:25:41 PDT"]
[Termination "Zavgorodniy_Sergiy won by checkmate"]

1. e4 c6 2. d4 d5 3. e5 Bf5 4.
Nf3 e6 5. Be2 Nd7 6. O-O h6 7.
Nbd2 a6 8. a4 Ne7 9. a5 c5 10.
c3 Nc6 11. Re1 Be7 12. Nf1 O-O 13. Ng3 Bg6 14. Bd3 Bxd3 15. Qxd3 cxd4 16. cxd4 Nxa5 17. Bd2 Nc4 18. b3 Nxd2 19. Qxd2 Rc8 20. Qd3 Qc7 21.
Ne2 Qc2 22. Qxc2 Rxc2 23. Rac1 Rfc8 24. Kf1 Bb4 25. Red1 Kf8 26. Ne1 Rxc1 27. Rxc1 Rxc1 28. Nxc1 Bxe1 29. Kxe1 Ke7 30. Kd2 Nb8 31. Kc3 Nc6 32. Ne2 b6 33. b4 Na7 34. f4 Nb5+ 35. Kb3 f6 36. h4 Kf7 37. h5 g6 38. g4 g5 39.
fxg5 fxg5 40. Ka4 Ke7 41. Kb3 Kd7 42. Ka4 Kc6 43. Kb3 a5 44. bxa5 bxa5 45. Ka4 Kb6 46.
Kb3 Na7 47. Ka4 Nc6 48. Kb3 Nb4 49. Ng1 Nd3 50. Nf3 Nf4 51. Ka4 Ka6 52. Ne1 Ne2 53. Nf3 Nc3+ 54. Kb3 Ne4 55. Ne1 Nf2 56. Ka4 Nxg4 57.
Nd3 Kb6 58. Nc5 Ne3 59. Nxe6 Nf5 60. Kb3 g4 61. Nf4 Nxd4+ 62. Kc3 Nf5 63. Nxd5+ Kc5 64. Nf6 g3 65. Ne4+ Kd5 66. Nd2 Kxe5 67. Kd3 Kf4 68. Ke2 a4 69. Nc4 Nd4+ 70. Kf1 Nb5 71. Nb2 a3 72.
Nd3+ Ke3 73. Nb4 Nc3 74. Nc2+ Kf3 75. Ne1+ Kg4 76. Kg2 a2 77. Nc2 Nd5 78. Na1 Nf4+ 79. Kg1 Nxh5 80. Nc2 Nf4 81. Ne3+ Kf3 82. Nc2 Ne2+ 83.
Kf1 g2+ 84. Ke1 g1=Q+ 85. Kd2 Qc1+ 86. Kd3 Nf4+ 87. Kd4 Qxc2 88. Ke5 a1=Q+ 89. Kd6 Qa6+ 90. Ke5 Qc5# 0-1

[Event "Late-Titled-Tuesday-Blitz-April-16-2024"]
[Site "Chess.com"]
[Date "2024.04.16"]
[Round "8"]
[White "FuenfgegenWilly"]
[Black "ameetghasi100"]
[Result "0-1"]
[WhiteElo "2470"]
[BlackElo "2797"]
[TimeControl "180+1"]
[EndTime "15:25:42 PDT"]
[Termination "ameetghasi100 won on time"]

1. d4 g6 2. e4 Nf6 3. e5 Ng8 4. Nf3 d6 5. exd6 cxd6 6. h3 Nf6 7. Bd3 Bg7 8. O-O O-O 9. c3 Nc6 10. Bg5 b6 11. Nbd2 Bb7 12. Re1 a6 13. a4 Nd5 14.
Bc4 Nf6 15. Ba2 Qc7 16. Nf1 Na5 17. Ne3 e6 18. Bxf6 Bxf6 19. Ng4 Bg7 20. Qe2 Rfe8 21.
Ng5 h6 22. Nf3 Rac8 23. Ne3 Qd7 24. Nd2 Nc6 25. Ndc4 Qd8 26. Qd2 Ne7 27. a5 b5 28. Nb6 Rb8 29. Ng4 Nf5 30. Bb1 h5 31. Bxf5 exf5 32. Ne3 Qg5 33. d5 Re7 34. Nf1 Qxd2 35.
Nxd2 Rbe8 36. Kf1 Kf8 37. Rxe7 Rxe7 38. Re1 b4 39. cxb4 Bxb2 40. Rxe7 Kxe7 41. Nb1 Bd4 42. Ke2 Kd8 43. Nd2 Bc3 44. Ndc4 Bxb4 45. Kd3 Kc7 46. f3 Bxa5 47. Na4 Bb4 48. Kd4 a5 49. g4 fxg4 50.
fxg4 h4 51. Ne3 Bc8 52. Ng2 Bxg4 53. Nxh4 Bxh3 54. Nf3 Bd7 55. Nb2 f6 0-1

[Event "Late-Titled-Tuesday-Blitz-April-16-2024"]
[Site "Chess.com"]
[Date "2024.04.16"]
[Round "8"]
[White "DenLaz"]
[Black "kleinebeer98"]
[Result "0-1"]
[WhiteElo "3107"]
[BlackElo "2909"]
[TimeControl "180+1"]
[EndTime "15:25:43 PDT"]
[Termination "kleinebeer98 won by resignation"]

1. d4 d5 2. c4 Nc6 3. Nf3 Bg4 4. cxd5 Bxf3 5. gxf3 Qxd5 6. e3 e5 7. Nc3 Bb4 8. Bd2 Bxc3 9. bxc3 Qd6 10. Rb1 O-O-O 11. Qb3 b6 12. Qxf7 Nge7 13. Be2 Kb8 14. Qc4 Nf5 15. Bd3 Nh4 16. Be4 Ne7 17. a4 Rhf8 18. Qa6 Nd5 19. c4 Nxf3+ 20. Bxf3 Rxf3 21. cxd5 exd4 22. Qe2 Qxd5 23. e4 Qf7 24. O-O d3 25. Qe1 Rd6 26. Kh1 Rdf6 27. Be3 g5 28. Rg1 h6 29. Qd2 Rd6 30.
Rg3 Rxg3 31. hxg3 Qf3+ 32. Kg1 Qxe4 33. a5 h5 34. axb6 axb6 35. Rb4 Qf3 36. Bxg5 Rc6 37. Be3 Rc2 38. Qe1 Re2 39. Qf1 d2 40. Rf4 Re1 41. Bxd2 Rxf1+ 42. Kxf1 Qd3+ 43. Ke1 b5 44. Be3 Kc8 45.
Rd4 Qc3+ 46. Ke2 c5 47. Rh4 c4 48. Rxh5 Qd3+ 49. Ke1 Qb1+ 50. Ke2 Qc2+ 51. Ke1 b4 52. Rc5+ Kd7 53. g4 b3 54. Bd4 Qe4+ 55. Be3 b2 0-1

[Event "Late-Titled-Tuesday-Blitz-April-16-2024"]
[Site "Chess.com"]
[Date "2024.04.16"]
[Round "8"]
[White "jcibarra"]
[Black "Aygehovit1992"]
[Result "1-0"]
[WhiteElo "2932"]
[BlackElo "2797"]
[TimeControl "180+1"]
[EndTime "15:25:43 PDT"]
[Termination "jcibarra won by resignation"]

1. e4 c5 2. Nf3 e6 3. d3 Nc6 4. g3 Nf6 5. Bg2 d6 6. O-O e5 7. c3 Be7 8. d4 cxd4 9. cxd4 Bg4 10. d5 Nd4 11. Be3 Nxf3+ 12. Bxf3 Bxf3 13.
Qxf3 Qd7 14. a4 h5 15. Nc3 h4 16. Rfc1 a6 17. a5 Rc8 18. b3 Bd8 19. Bb6 Bxb6 20.
axb6 Qh3 21. Qg2 Qxg2+ 22. Kxg2 Kd7 23. Kf3 g5 24. Nd1 g4+ 25. Ke3 hxg3 26. hxg3 Rh1 27. Rxc8 Kxc8 28. Rc1+ Kd8 29. Ke2 Nxe4 30. Rc7 Nc5 31.
b4 Nb3 32. Rxb7 Nd4+ 33. Kd2 Nb3+ 34. Kc3 Rxd1 35. Rxf7 Rxd5 36. b7 Rb5 37. Kxb3 d5 38. Ka4 d4 39. Kb3 d3 40. Kc3 e4 41. Rf4 Rxb7 42.
Rxe4 Rd7 43. Kd2 Kc7 44. Rxg4 Kb6 45. Rg5 Rf7 46. f4 Rd7 47. Re5 Kc6 48. Rc5+ Kb6 49. g4 Rf7 50. f5 Rg7 51. Rc4 Kb5 52. Rf4 Re7 53. f6 Rf7 54. g5 Kc6 55. g6 1-0

[Event "Late-Titled-Tuesday-Blitz-April-16-2024"]
[Site "Chess.com"]
[Date "2024.04.16"]
[Round "8"]
[White "DanielDardha2005"]
[Black "LuckIsMySkill"]
[Result "1/2-1/2"]
[WhiteElo "2866"]
[BlackElo "2694"]
[TimeControl "180+1"]
[EndTime "15:25:46 PDT"]
[Termination "Game drawn by repetition"]

1. d4 b5 2. e4 Bb7 3. Bxb5 Bxe4 4. Nf3 Nf6 5. Nc3 Bb7 6. O-O e6 7. Re1 Be7 8. Bg5 O-O 9. Bd3 d6 10. Na4 Nbd7 11. c4 h6 12. Bh4 Nh5 13. Bxe7 Qxe7 14. Nc3 Rab8 15. b3 Nf4 16. Bf1 e5 17. g3 Ne6 18. dxe5 Nxe5 19. Nxe5 dxe5 20. Bg2 Rfd8 21.
Qe2 Bxg2 22. Kxg2 f6 23. Rad1 Rxd1 24. Rxd1 Rd8 25. Rxd8+ Qxd8 26. h4 Qd4 27. Nd5 Kf7 28. Qh5+ g6 29. Qxh6 Qe4+ 30. Kh2 Qe2 31. Qe3 Qxa2 32.
Qf3 f5 33. Qe3 c6 34. Nb4 Qb1 35. Nxc6 e4 36. Qxa7+ Kg8 37. Ne7+ Kf7 38. Nxf5+ Kf6 39. Ne3 Qxb3 40. Ng4+ Kf5 41. Qf7+ Kxg4 42. Qxe6+ Kf3 43. Qf7+ Ke2 44. Qf4 Qxc4 45. Kg2 Qd3 46. Qg4+ Ke1 47. Qxg6 Qf1+ 48. Kh2 Qxf2+ 49. Kh3 Qf1+ 50. Kh2 Qf2+ 51. Kh3 Qf1+ 52. Kg4 Qf3+ 53. Kh3 Qh1+ 54. Kg4 Qf3+ 55. Kh3 Qh1+ 56. Kg4 Qf3+ 1/2-1/2

[Event "Late-Titled-Tuesday-Blitz-April-16-2024"]
[Site "Chess.com"]
[Date "2024.04.16"]
[Round "8"]
[White "Akhayan"]
[Black "Tugrik1969"]
[Result "0-1"]
[WhiteElo "2393"]
[BlackElo "2511"]
[TimeControl "180+1"]
[EndTime "15:25:46 PDT"]
[Termination "Tugrik1969 won by resignation"]

1. e4 c5 2. Nf3 d6 3. d4 cxd4 4. Nxd4 Nf6 5. Nc3 g6 6. f4 Bg7 7. e5 Nh5 8. Bb5+ Bd7 9. e6 fxe6 10. Nxe6 Bxc3+ 11. bxc3 Qc8 12. Bxd7+ Kxd7 13. Ng5 Qxc3+ 14.
Bd2 Qc4 15. Qg4+ e6 16. O-O-O Qd5 17. Bc3 Qxa2 18. Bxh8 Nc6 19. Bb2 Na5 20. Nf7 Nb3+ 21. cxb3 Rc8+ 22. Kd2 Qxb2+ 23. Ke3 Nf6 24. Rxd6+ Ke7 25.
Qxe6+ Kf8 26. Rd8+ Rxd8 27. Nxd8 Qc3+ 28. Ke2 Qc2+ 29.
Ke3 Qc3+ 30. Ke2 Qc2+ 31. Ke1 Qc1+ 32. Kf2 Qd2+ 33. Kf3 Qd3+ 34. Qe3 Qxd8 35. Re1 Qd5+ 36. Kg3 Nh5+ 37. Kh4 Qd8+ 38. Kh3 Qd7+ 39. g4 Nf6 40. Qc5+ Kg8 41. Rg1 h5 42. Qc4+ Kg7 43. f5 Nxg4 44. Rxg4 hxg4+ 45. Qxg4 Qxf5 46. Qxf5 gxf5 47. Kg3 a5 48.
Kf4 Kf6 49. h4 b5 50. h5 a4 51. h6 axb3 52. h7 Kg7 0-1

[Event "Late-Titled-Tuesday-Blitz-April-16-2024"]
[Site "Chess.com"]
[Date "2024.04.16"]
[Round "8"]
[White "IMRosen"]
[Black "NMJeevanK"]
[Result "1/2-1/2"]
[WhiteElo "2713"]
[BlackElo "2572"]
[TimeControl "180+1"]
[EndTime "15:25:49 PDT"]
[Termination "Game drawn by repetition"]

1. d4 d6 2. e4 Nf6 3. Nc3 e5 4. Nge2 Be7 5. g3 c6 6. Bg2 b5 7. a3 a5 8. h3 h5 9. b3 Qc7 10. Bb2 Ba6 11. O-O Nbd7 12. Qd2 O-O 13. Kh2 Rfe8 14.
b4 d5 15. exd5 axb4 16. axb4 Bxb4 17. dxc6 Nb6 18. Rxa6 Rxa6 19. Nxb5 Qe7 20. c3 exd4 21. Nexd4 Bc5 22. Nf5 Qf8 23. Nc7 Nc4 24. Qg5 Raa8 25.
Nxe8 Rxe8 26. Bc1 Kh7 27. Nxg7 Qxg7 28. Qxc5 Ne5 29. c7 Qf8 30. c8=Q Rxc8 31. Qxe5 Qg7 32. Be3 Ng4+ 33. hxg4 Qxe5 34. gxh5 Rxc3 35. Bf3 f5 36.
Kg2 Rc2 37. Bf4 Qb2 38. Be3 Qb3 39. Re1 Qc3 40. Re2 Rxe2 41. Bxe2 Qc6+ 42. Bf3 Qe6 43. Bf4 Qe1 44. Be3 Qc3 45. Bf4 Qe1 46. h6 Qc3 47.
Be3 Kg6 48. Bf4 Qf6 49. Be3 Qe6 50. Bf4 Qf6 51. Be2 Qc6+ 52. Kg1 Qe6 53. Bf3 Qe1+ 54.
Kg2 Qe6 55. Bd1 Qd5+ 56. Bf3 Qe6 57. Kh2 Qe1 58. Be3 Qf1 59. Bg2 Qe2 60. Bh3 Qf3 61. Kg1 Qd1+ 62. Bf1 Qf3 63. Bg2 Qd1+ 64. Kh2 Qh5+ 65. Bh3 Qf3 66. Kg1 Qd1+ 67. Bf1 Qf3 68.
Bd3 Qd1+ 69. Bf1 1/2-1/2